[ AOE2 MATCH · #480742203 ]
Team RMLithuanians vs Bohemians
[ REPLAY ANALYSIS · EXTRACTED FROM THE RECORDED GAME ]
Feudal
10:58
Castle
17:29
Imperial
—
| APM avg | 21.5 |
| APM peak | 44 |
| eAPM avg | 12.1 |
| Villagers / military | 73 / 65 |
Focus
⚔️ 22.4% · 🌾 77.6%
Leitis ×62 · Monk ×2 · Spearman ×1
Feudal
9:03
Castle
23:45
Imperial
28:44
| APM avg | 27.2 |
| APM peak | 72 |
| eAPM avg | 14.2 |
| Villagers / military | 135 / 100 |
Focus
⚔️ 24.3% · 🌾 75.7%
Camel Scout ×48 · Steppe Lancer ×33 · Kipchak ×11 · Trebuchet (Packed) ×8
Feudal
—
Castle
—
Imperial
—
| APM avg | 0.2 |
| APM peak | 9 |
| eAPM avg | 0.2 |
| Villagers / military | 0 / 0 |
Feudal
12:20
Castle
15:50
Imperial
29:04
| APM avg | 17.6 |
| APM peak | 30 |
| eAPM avg | 13.7 |
| Villagers / military | 94 / 76 |
Focus
⚔️ 21.5% · 🌾 78.5%
Spearman ×62 · Bombard Cannon ×7 · Scout Cavalry ×4 · Monk ×3
Feudal
9:35
Castle
18:45
Imperial
—
| APM avg | 22.2 |
| APM peak | 76 |
| eAPM avg | 12.5 |
| Villagers / military | 98 / 33 |
Focus
⚔️ 20.2% · 🌾 79.8%
Knight ×19 · Monk ×8 · Battering Ram ×6
Feudal
10:38
Castle
15:41
Imperial
33:42
| APM avg | 28.0 |
| APM peak | 65 |
| eAPM avg | 19.7 |
| Villagers / military | 146 / 122 |
Focus
⚔️ 23.1% · 🌾 76.9%
Spearman ×109 · Kipchak ×8 · Battering Ram ×5
Match map
Initial resources + every placement click. Lines = walls · curves = elevation contours. ◆ gold · ⬟ stone · ● berries · ✦ relic · ◌ wall gap
Your base· ✓ Closed at 17:29 · 0t walls · 3 gate(s)
CASTILLO88's base· ✓ Closed at 23:45 · 0t walls · 3 gate(s)
SKAY's base· ✓ Closed at 12:00 · 0t walls · 3 gate(s)
SwisherSweet's base· ✓ Closed at 15:50 · 0t walls · 2 gate(s)
tecnihelp's base· ✓ Closed at 18:45 · 0t walls · 3 gate(s)
Argote's base· ✓ Closed at 15:41 · 0t walls · 2 gate(s)
Smoothed initial terrain · ◌ = detected wall gap · hover for details
Inputs per minute
— Twör - - CASTILLO88
Build order — Twör
First 150 of 182 actions detected
| 0:02 | Create | Villager (Male) |
| 0:03 | Create | Villager (Male) |
| 0:03 | Create | Villager (Male) |
| 0:03 | Create | Villager (Male) |
| 0:03 | Create | Villager (Male) |
| 0:05 | Build | House |
| 0:09 | Build | House |
| 0:20 | Create | Villager (Male) |
| 0:20 | Create | Villager (Male) |
| 0:20 | Create | Villager (Male) |
| 0:39 | Build | House |
| 2:24 | Create | Villager (Male) |
| 2:24 | Create | Villager (Male) |
| 2:24 | Create | Villager (Male) |
| 2:24 | Create | Villager (Male) |
| 2:59 | Create | Villager (Male) |
| 2:59 | Create | Villager (Male) |
| 3:00 | Create | Villager (Male) |
| 3:37 | Create | Villager (Male) |
| 3:37 | Create | Villager (Male) |
| 3:38 | Create | Villager (Male) |
| 3:54 | Build | Mill |
| 4:27 | Create | Villager (Male) |
| 4:27 | Create | Villager (Male) |
| 4:28 | Create | Villager (Male) |
| 5:51 | Create | Villager (Male) |
| 5:52 | Create | Villager (Male) |
| 5:52 | Create | Villager (Male) |
| 5:52 | Create | Villager (Male) |
| 5:53 | Create | Villager (Male) |
| 6:02 | Build | House |
| 6:32 | Build | Lumber Camp |
| 6:41 | Create | Villager (Male) |
| 6:42 | Create | Villager (Male) |
| 8:29 | Build | House |
| 8:31 | Build | House |
| 8:46 | Research | Feudal Age |
| 8:50 | Research | Loom |
| 9:38 | Build | Mining Camp |
| 9:47 | Build | House |
| 9:48 | Build | House |
| 9:53 | Build | House |
| 10:34 | Create | Villager (Male) |
| 10:34 | Create | Villager (Male) |
| 10:39 | Create | Villager (Male) |
| 10:58 | Age | Feudal Age |
| 11:14 | Build | Blacksmith |
| 11:28 | Research | Double-Bit Axe |
| 12:31 | Build | Mill |
| 12:49 | Build | Market |
| 13:09 | Research | Wheelbarrow |
| 13:15 | Research | Loom |
| 13:40 | Research | Castle Age |
| 13:40 | Research | Castle Age |
| 13:55 | Build | Barracks |
| 14:15 | Build | Mining Camp |
| 15:00 | Create | Spearman |
| 15:09 | Create | Villager (Male) |
| 15:09 | Create | Villager (Male) |
| 15:24 | Research | Stone Mining |
| 16:15 | Build | Mill |
| 17:01 | Research | Gold Mining |
| 17:02 | Research | Horse Collar |
| 17:29 | Age | Castle Age |
| 17:47 | Research | Bow Saw |
| 18:14 | Create | Villager (Male) |
| 18:14 | Create | Villager (Male) |
| 18:15 | Create | Villager (Male) |
| 19:07 | Build | Castle |
| 19:12 | Research | Stone Shaft Mining |
| 19:21 | Build | Farm |
| 19:22 | Build | Farm |
| 19:22 | Build | Farm |
| 19:29 | Build | Farm |
| 19:35 | Create | Villager (Male) |
| 19:36 | Create | Villager (Male) |
| 19:36 | Create | Villager (Male) |
| 20:40 | Create | Villager (Male) |
| 20:40 | Create | Villager (Male) |
| 20:42 | Create | Villager (Male) |
| 21:07 | Build | Town Center |
| 21:34 | Build | Monastery |
| 21:41 | Build | Stable |
| 21:45 | Create | Leitis |
| 21:45 | Create | Leitis |
| 22:06 | Create | Villager (Male) |
| 22:06 | Create | Villager (Male) |
| 22:06 | Create | Villager (Male) |
| 22:06 | Create | Villager (Male) |
| 22:13 | Build | Farm |
| 22:14 | Build | Farm |
| 22:14 | Build | Farm |
| 22:23 | Build | Farm |
| 22:23 | Build | Farm |
| 22:23 | Build | Farm |
| 22:25 | Create | Monk |
| 22:32 | Create | Leitis |
| 22:33 | Create | Leitis |
| 23:12 | Create | Villager (Male) |
| 23:12 | Create | Villager (Male) |
| 23:15 | Build | Farm |
| 23:17 | Build | Farm |
| 23:22 | Build | Farm |
| 23:22 | Build | Farm |
| 23:32 | Create | Monk |
| 24:05 | Create | Leitis |
| 24:06 | Create | Leitis |
| 24:06 | Create | Leitis |
| 24:06 | Create | Leitis |
| 24:12 | Create | Villager (Male) |
| 24:13 | Create | Villager (Male) |
| 24:17 | Build | Farm |
| 24:18 | Build | Farm |
| 24:18 | Build | Farm |
| 24:18 | Build | Farm |
| 24:19 | Build | Farm |
| 24:29 | Create | Leitis |
| 24:30 | Create | Leitis |
| 25:02 | Research | Bloodlines |
| 25:14 | Create | Leitis |
| 25:20 | Create | Villager (Male) |
| 25:21 | Create | Villager (Male) |
| 25:52 | Research | Forging |
| 25:57 | Create | Leitis |
| 25:57 | Create | Leitis |
| 25:58 | Create | Villager (Male) |
| 25:58 | Create | Villager (Male) |
| 26:00 | Create | Villager (Male) |
| 26:01 | Create | Villager (Male) |
| 26:08 | Build | Farm |
| 26:08 | Build | Farm |
| 26:09 | Build | Farm |
| 26:21 | Build | Castle |
| 26:23 | Build | Mining Camp |
| 27:10 | Build | Farm |
| 27:13 | Create | Villager (Male) |
| 27:13 | Create | Villager (Male) |
| 27:13 | Create | Villager (Male) |
| 27:14 | Create | Villager (Male) |
| 27:14 | Create | Villager (Male) |
| 27:15 | Create | Villager (Male) |
| 27:15 | Create | Villager (Male) |
| 27:16 | Create | Leitis |
| 27:16 | Create | Leitis |
| 27:17 | Create | Leitis |
| 27:17 | Create | Leitis |
| 29:02 | Create | Villager (Male) |
| 29:03 | Create | Villager (Male) |
| 29:03 | Create | Villager (Male) |
| 29:03 | Create | Villager (Male) |
Build order — CASTILLO88
First 150 of 259 actions detected
| 0:04 | Build | House |
| 0:05 | Build | House |
| 0:08 | Create | Villager (Male) ×4 |
| 0:08 | Create | Villager (Male) ×4 |
| 1:33 | Create | Villager (Male) |
| 1:34 | Create | Villager (Male) |
| 2:09 | Create | Villager (Male) |
| 2:43 | Create | Villager (Male) |
| 2:43 | Create | Villager (Male) |
| 2:51 | Build | Lumber Camp |
| 3:01 | Create | Villager (Male) |
| 3:01 | Create | Villager (Male) |
| 3:27 | Create | Villager (Male) |
| 4:03 | Build | House |
| 4:07 | Create | Villager (Male) |
| 4:08 | Create | Villager (Male) |
| 4:41 | Create | Villager (Male) |
| 4:41 | Create | Villager (Male) |
| 4:42 | Create | Villager (Male) |
| 4:42 | Create | Villager (Male) |
| 4:42 | Create | Villager (Male) |
| 5:07 | Build | Mill |
| 6:26 | Research | Loom |
| 6:50 | Research | Feudal Age |
| 8:49 | Create | Villager (Male) |
| 8:50 | Create | Villager (Male) |
| 8:50 | Create | Villager (Male) |
| 8:50 | Create | Villager (Male) |
| 8:50 | Create | Villager (Male) |
| 8:51 | Create | Villager (Male) |
| 8:51 | Create | Villager (Male) |
| 9:03 | Age | Feudal Age |
| 9:08 | Build | Town Center |
| 9:21 | Research | Double-Bit Axe |
| 9:35 | Build | House |
| 9:51 | Create | Villager (Male) |
| 9:54 | Research | Wheelbarrow |
| 10:08 | Create | Villager (Male) |
| 10:09 | Create | Villager (Male) |
| 10:09 | Create | Villager (Male) |
| 10:44 | Create | Villager (Male) |
| 10:44 | Create | Villager (Male) |
| 10:45 | Create | Villager (Male) |
| 10:45 | Create | Villager (Male) |
| 10:45 | Create | Villager (Male) |
| 10:45 | Create | Villager (Male) |
| 11:02 | Build | Mill |
| 11:21 | Create | Villager (Male) |
| 11:52 | Create | Villager (Male) |
| 11:52 | Create | Villager (Male) |
| 11:52 | Create | Villager (Male) |
| 11:56 | Research | Horse Collar |
| 12:14 | Build | House |
| 12:15 | Build | House |
| 12:15 | Build | House |
| 12:16 | Build | House |
| 13:07 | Create | Villager (Male) |
| 13:07 | Create | Villager (Male) |
| 13:10 | Create | Villager (Male) |
| 13:10 | Create | Villager (Male) |
| 13:11 | Create | Villager (Male) |
| 13:26 | Build | House |
| 13:26 | Build | House |
| 13:54 | Create | Villager (Male) |
| 13:54 | Create | Villager (Male) |
| 13:56 | Create | Villager (Male) |
| 14:06 | Build | Farm |
| 14:06 | Build | Farm |
| 14:06 | Build | Farm |
| 14:06 | Build | Farm |
| 14:07 | Build | Farm |
| 14:07 | Build | Farm |
| 14:07 | Build | Farm |
| 14:07 | Build | Farm |
| 14:48 | Build | Farm |
| 14:48 | Build | Farm |
| 14:48 | Build | Farm |
| 14:48 | Build | Farm |
| 14:49 | Build | Farm |
| 14:49 | Build | Farm |
| 14:49 | Build | Farm |
| 14:52 | Create | Villager (Male) |
| 14:52 | Create | Villager (Male) |
| 15:16 | Create | Villager (Male) |
| 15:16 | Create | Villager (Male) |
| 15:31 | Build | Farm |
| 15:32 | Build | Farm |
| 15:32 | Build | Farm |
| 15:32 | Build | Farm |
| 15:32 | Build | Farm |
| 15:33 | Build | Farm |
| 15:33 | Build | Farm |
| 15:33 | Build | Farm |
| 15:38 | Create | Villager (Male) |
| 15:51 | Build | Farm |
| 15:52 | Build | Farm |
| 15:52 | Build | Farm |
| 15:52 | Build | Farm |
| 15:52 | Build | Farm |
| 15:53 | Build | Farm |
| 15:56 | Create | Villager (Male) |
| 16:00 | Create | Villager (Male) |
| 16:00 | Create | Villager (Male) |
| 16:01 | Create | Villager (Male) |
| 16:16 | Build | House |
| 16:16 | Build | House |
| 16:17 | Build | House |
| 16:18 | Build | House |
| 16:28 | Create | Villager (Male) ×3 |
| 16:28 | Create | Villager (Male) ×3 |
| 16:55 | Create | Villager (Male) |
| 16:55 | Create | Villager (Male) |
| 16:58 | Create | Villager (Male) |
| 16:58 | Create | Villager (Male) |
| 16:58 | Create | Villager (Male) |
| 17:12 | Build | Mining Camp |
| 17:28 | Build | House |
| 17:28 | Build | House |
| 17:29 | Build | House |
| 17:29 | Build | House |
| 17:30 | Build | House |
| 17:31 | Build | House |
| 17:31 | Build | House |
| 17:46 | Create | Villager (Male) |
| 17:48 | Create | Villager (Male) |
| 17:48 | Create | Villager (Male) |
| 17:48 | Create | Villager (Male) |
| 17:58 | Build | Mill |
| 18:03 | Build | Farm |
| 18:04 | Build | Farm |
| 18:04 | Build | Farm |
| 18:04 | Build | Farm |
| 18:04 | Build | Farm |
| 18:05 | Build | Farm |
| 18:05 | Build | Farm |
| 18:15 | Create | Villager (Male) |
| 18:15 | Create | Villager (Male) |
| 18:23 | Research | Gold Mining |
| 18:51 | Create | Villager (Male) |
| 19:00 | Build | Blacksmith |
| 19:08 | Create | Villager (Male) |
| 19:26 | Create | Villager (Male) |
| 19:40 | Build | Mining Camp |
| 19:46 | Create | Villager (Male) |
| 19:46 | Create | Villager (Male) |
| 19:48 | Create | Villager (Male) |
| 19:48 | Create | Villager (Male) |
| 19:51 | Research | Stone Mining |
| 19:57 | Build | Market |
| 20:20 | Build | Farm |
Build order — SKAY
0 actions detected in the replay
Build order — SwisherSweet
First 150 of 258 actions detected
| 0:02 | Create | Villager (Male) |
| 0:02 | Create | Villager (Male) |
| 0:02 | Create | Villager (Male) |
| 0:03 | Create | Villager (Male) |
| 0:06 | Build | House |
| 0:08 | Build | House |
| 1:25 | Create | Villager (Male) |
| 1:49 | Build | Lumber Camp |
| 2:05 | Create | Villager (Male) |
| 2:31 | Create | Villager (Male) |
| 2:56 | Create | Villager (Male) |
| 3:14 | Create | Villager (Male) |
| 3:38 | Create | Villager (Male) |
| 3:59 | Build | House |
| 4:09 | Create | Villager (Male) |
| 4:38 | Create | Villager (Male) |
| 4:38 | Create | Villager (Male) |
| 5:24 | Create | Villager (Male) |
| 5:24 | Create | Villager (Male) |
| 5:31 | Build | House |
| 5:38 | Create | Villager (Male) |
| 5:57 | Build | Mill |
| 6:37 | Create | Villager (Male) |
| 6:48 | Build | Lumber Camp |
| 7:14 | Create | Villager (Male) |
| 7:14 | Create | Villager (Male) |
| 8:11 | Build | Farm |
| 8:13 | Build | Farm |
| 8:14 | Build | Farm |
| 8:16 | Build | Farm |
| 8:18 | Build | Farm |
| 8:25 | Build | House |
| 8:30 | Create | Villager (Male) |
| 8:31 | Create | Villager (Male) |
| 9:00 | Build | Farm |
| 9:04 | Build | Farm |
| 9:08 | Create | Villager (Male) |
| 9:27 | Build | Mining Camp |
| 9:34 | Create | Villager (Male) |
| 9:36 | Research | Feudal Age |
| 9:51 | Build | Farm |
| 10:17 | Create | Villager (Male) |
| 10:39 | Build | Farm |
| 11:16 | Build | Barracks |
| 12:20 | Age | Feudal Age |
| 12:22 | Build | Blacksmith |
| 12:28 | Build | Stable |
| 12:36 | Create | Villager (Male) |
| 13:07 | Research | Castle Age |
| 13:20 | Build | Farm |
| 13:23 | Build | Farm |
| 13:26 | Create | Scout Cavalry |
| 13:46 | Create | Villager (Male) |
| 13:51 | Build | House |
| 13:52 | Build | House |
| 13:55 | Build | House |
| 13:58 | Create | Scout Cavalry |
| 14:20 | Create | Scout Cavalry |
| 14:28 | Build | Farm |
| 14:31 | Research | Double-Bit Axe |
| 15:45 | Create | Villager (Male) |
| 15:50 | Age | Castle Age |
| 15:53 | Create | Scout Cavalry |
| 16:01 | Build | Monastery |
| 16:09 | Create | Villager (Male) |
| 16:40 | Build | Farm |
| 16:49 | Build | Farm |
| 16:51 | Create | Villager (Male) |
| 17:18 | Build | Town Center |
| 17:23 | Research | Horse Collar |
| 17:26 | Create | Monk |
| 17:28 | Create | Monk |
| 17:37 | Create | Villager (Male) |
| 17:37 | Create | Villager (Male) |
| 17:38 | Create | Villager (Male) |
| 18:07 | Create | Villager (Male) |
| 18:15 | Build | House |
| 18:16 | Build | House |
| 18:17 | Build | House |
| 18:35 | Build | Farm |
| 18:39 | Create | Villager (Male) ×5 |
| 18:51 | Build | Town Center |
| 19:14 | Build | Farm |
| 19:23 | Create | Villager (Male) |
| 19:29 | Build | Farm |
| 19:50 | Create | Villager (Male) |
| 19:50 | Create | Villager (Male) |
| 20:22 | Create | Monk |
| 20:43 | Create | Villager (Male) |
| 20:44 | Create | Villager (Male) ×5 |
| 20:50 | Build | Farm |
| 20:51 | Build | Farm |
| 20:57 | Build | Farm |
| 21:01 | Build | Farm |
| 21:08 | Build | Farm |
| 21:09 | Build | Farm |
| 21:12 | Create | Villager (Male) |
| 21:12 | Create | Villager (Male) |
| 21:18 | Create | Villager (Male) |
| 21:48 | Create | Villager (Male) |
| 21:49 | Create | Villager (Male) |
| 21:52 | Build | Farm |
| 21:59 | Build | Farm |
| 22:00 | Create | Villager (Male) |
| 22:01 | Create | Villager (Male) |
| 22:01 | Create | Villager (Male) |
| 22:02 | Create | Villager (Male) |
| 22:06 | Build | Farm |
| 22:11 | Create | Villager (Male) |
| 22:11 | Create | Villager (Male) |
| 22:43 | Create | Villager (Male) |
| 23:06 | Create | Villager (Male) |
| 23:06 | Create | Villager (Male) |
| 23:07 | Create | Villager (Male) |
| 23:10 | Build | House |
| 23:12 | Build | House |
| 23:13 | Build | House |
| 23:35 | Create | Villager (Male) |
| 23:35 | Create | Villager (Male) |
| 23:40 | Build | Market |
| 23:52 | Build | Mining Camp |
| 23:53 | Create | Villager (Male) |
| 23:55 | Create | Villager (Male) |
| 23:55 | Create | Villager (Male) |
| 24:22 | Create | Villager (Male) |
| 24:22 | Create | Villager (Male) |
| 24:23 | Create | Villager (Male) |
| 24:24 | Create | Villager (Male) |
| 24:34 | Build | Farm |
| 24:37 | Build | Farm |
| 25:01 | Build | University |
| 25:04 | Create | Villager (Male) |
| 25:05 | Create | Villager (Male) |
| 25:05 | Create | Villager (Male) |
| 25:07 | Create | Villager (Male) |
| 25:21 | Create | Villager (Male) |
| 25:21 | Create | Villager (Male) |
| 25:41 | Research | Imperial Age |
| 26:06 | Build | Town Center |
| 26:18 | Research | Wheelbarrow |
| 26:23 | Research | Bow Saw |
| 26:33 | Build | Farm |
| 26:37 | Build | Farm |
| 26:41 | Create | Villager (Male) |
| 26:41 | Create | Villager (Male) |
| 27:03 | Create | Villager (Male) |
| 27:12 | Research | Loom |
| 27:36 | Build | House |
| 27:37 | Build | House |
| 27:38 | Build | House |
Build order — tecnihelp
First 150 of 231 actions detected
| 0:03 | Build | House |
| 0:06 | Build | House |
| 0:07 | Create | Villager (Male) |
| 0:07 | Create | Villager (Male) |
| 0:08 | Create | Villager (Male) |
| 0:08 | Create | Villager (Male) |
| 1:25 | Create | Villager (Male) |
| 1:27 | Create | Villager (Male) |
| 1:27 | Create | Villager (Male) |
| 2:04 | Build | Lumber Camp |
| 2:05 | Create | Villager (Male) |
| 2:40 | Create | Villager (Male) |
| 3:33 | Create | Villager (Male) |
| 3:50 | Build | House |
| 4:00 | Create | Villager (Male) |
| 4:21 | Create | Villager (Male) |
| 4:30 | Create | Villager (Male) |
| 4:55 | Create | Villager (Male) |
| 4:57 | Create | Villager (Male) |
| 5:34 | Create | Villager (Male) |
| 5:34 | Create | Villager (Male) |
| 5:57 | Build | House |
| 5:59 | Create | Villager (Male) |
| 6:02 | Build | Mill |
| 7:25 | Research | Feudal Age |
| 7:30 | Build | Mining Camp |
| 7:32 | Research | Loom |
| 7:39 | Create | Villager (Male) |
| 7:59 | Build | House |
| 8:30 | Create | Villager (Male) |
| 8:49 | Build | Mill |
| 8:57 | Create | Villager (Male) |
| 9:35 | Age | Feudal Age |
| 9:41 | Research | Double-Bit Axe |
| 9:43 | Research | Horse Collar |
| 10:13 | Build | House |
| 10:42 | Build | Market |
| 10:51 | Create | Villager (Male) |
| 11:00 | Create | Villager (Male) |
| 11:17 | Build | Farm |
| 11:20 | Build | Farm |
| 11:25 | Create | Villager (Male) |
| 11:42 | Build | Farm |
| 11:44 | Build | Farm |
| 11:48 | Build | Farm |
| 11:58 | Build | Farm |
| 12:02 | Create | Villager (Male) |
| 12:13 | Build | Farm |
| 12:17 | Create | Villager (Male) |
| 12:34 | Build | Farm |
| 12:36 | Create | Villager (Male) |
| 13:02 | Build | Farm |
| 13:06 | Build | Farm |
| 13:07 | Create | Villager (Male) |
| 13:38 | Create | Villager (Male) |
| 13:52 | Build | Farm |
| 13:57 | Build | Farm |
| 14:16 | Build | Farm |
| 14:25 | Create | Villager (Male) |
| 14:25 | Create | Villager (Male) |
| 14:37 | Build | House |
| 14:55 | Build | Blacksmith |
| 14:57 | Create | Villager (Male) |
| 15:21 | Build | House |
| 15:35 | Create | Villager (Male) |
| 15:46 | Research | Loom |
| 15:51 | Research | Castle Age |
| 15:58 | Build | Barracks |
| 16:29 | Research | Scale Barding Armor |
| 16:33 | Research | Forging |
| 16:47 | Build | Stable |
| 16:51 | Create | Villager (Male) |
| 16:51 | Create | Villager (Male) |
| 17:39 | Build | Stable |
| 17:56 | Research | Gold Mining |
| 18:44 | Research | Loom |
| 18:45 | Age | Castle Age |
| 18:50 | Build | Monastery |
| 18:58 | Create | Knight ×5 |
| 19:16 | Create | Villager (Male) |
| 19:31 | Build | Town Center |
| 19:33 | Create | Monk |
| 20:42 | Create | Villager (Male) |
| 20:42 | Create | Villager (Male) |
| 20:42 | Create | Villager (Male) |
| 20:49 | Build | Town Center |
| 21:12 | Research | Fervor |
| 21:15 | Create | Villager (Male) |
| 21:15 | Create | Villager (Male) |
| 21:16 | Create | Villager (Male) |
| 21:30 | Research | Bow Saw |
| 21:33 | Build | Lumber Camp |
| 21:41 | Build | House |
| 21:42 | Build | House |
| 22:01 | Create | Villager (Male) |
| 22:01 | Create | Villager (Male) |
| 22:28 | Build | Monastery |
| 22:32 | Create | Villager (Male) |
| 22:33 | Create | Villager (Male) |
| 22:42 | Research | Bloodlines |
| 22:47 | Research | Iron Casting |
| 22:54 | Research | Devotion |
| 22:59 | Create | Villager (Male) |
| 22:59 | Create | Villager (Male) |
| 22:59 | Create | Villager (Male) |
| 23:04 | Create | Villager (Male) |
| 23:04 | Create | Villager (Male) |
| 23:08 | Create | Villager (Male) |
| 23:08 | Create | Villager (Male) |
| 23:51 | Create | Knight |
| 23:52 | Create | Knight |
| 23:52 | Create | Knight |
| 24:05 | Build | Siege Workshop |
| 24:06 | Create | Villager (Male) |
| 24:10 | Create | Villager (Male) |
| 24:14 | Create | Villager (Male) |
| 24:15 | Create | Villager (Male) |
| 24:19 | Build | Farm |
| 25:06 | Create | Battering Ram |
| 25:06 | Create | Battering Ram |
| 25:11 | Build | Farm |
| 25:15 | Build | Farm |
| 25:16 | Build | Farm |
| 25:17 | Build | Farm |
| 25:21 | Create | Monk |
| 25:32 | Create | Battering Ram |
| 25:37 | Build | Siege Workshop |
| 25:43 | Build | Farm |
| 25:48 | Build | House |
| 25:49 | Build | House |
| 25:50 | Build | House |
| 25:50 | Build | House |
| 25:50 | Build | House |
| 26:16 | Create | Monk |
| 26:18 | Create | Monk |
| 26:21 | Research | Wheelbarrow |
| 26:30 | Create | Villager (Male) |
| 26:30 | Create | Villager (Male) |
| 26:30 | Create | Villager (Male) |
| 26:31 | Create | Villager (Male) |
| 26:32 | Create | Villager (Male) |
| 26:34 | Create | Battering Ram |
| 26:34 | Create | Battering Ram |
| 26:42 | Research | Husbandry |
| 27:06 | Create | Knight |
| 27:06 | Create | Knight |
| 27:06 | Create | Knight |
| 27:31 | Build | Castle |
| 27:41 | Create | Battering Ram |
| 27:43 | Create | Villager (Male) |
Build order — Argote
First 150 of 396 actions detected
| 0:02 | Create | Villager (Male) |
| 0:03 | Create | Villager (Male) |
| 0:03 | Create | Villager (Male) |
| 0:04 | Create | Villager (Male) |
| 0:04 | Create | Villager (Male) |
| 0:07 | Build | House |
| 0:09 | Build | House |
| 1:32 | Create | Villager (Male) |
| 2:01 | Create | Villager (Male) |
| 2:16 | Create | Villager (Male) |
| 2:44 | Create | Villager (Male) |
| 3:05 | Build | Lumber Camp |
| 3:06 | Create | Villager (Male) |
| 3:07 | Create | Villager (Male) |
| 3:38 | Build | House |
| 3:41 | Create | Villager (Male) |
| 3:41 | Create | Villager (Male) |
| 3:41 | Create | Villager (Male) |
| 3:57 | Build | House |
| 4:43 | Create | Villager (Male) |
| 4:43 | Create | Villager (Male) |
| 4:59 | Create | Villager (Male) |
| 5:00 | Create | Villager (Male) |
| 5:18 | Create | Villager (Male) |
| 5:18 | Create | Villager (Male) |
| 5:55 | Create | Villager (Male) |
| 5:55 | Create | Villager (Male) |
| 6:03 | Create | Villager (Male) |
| 6:03 | Create | Villager (Male) |
| 6:03 | Create | Villager (Male) |
| 6:20 | Create | Villager (Male) |
| 6:41 | Build | Mill |
| 7:20 | Create | Villager (Male) |
| 7:47 | Build | Mill |
| 8:04 | Research | Feudal Age |
| 8:34 | Build | Mining Camp |
| 8:44 | Create | Villager (Male) |
| 9:10 | Build | House |
| 9:40 | Create | Villager (Male) |
| 10:03 | Build | House |
| 10:38 | Age | Feudal Age |
| 11:22 | Build | Market |
| 11:39 | Create | Villager (Male) |
| 11:40 | Create | Villager (Male) |
| 12:00 | Create | Villager (Male) |
| 12:01 | Create | Villager (Male) |
| 12:22 | Build | Blacksmith |
| 12:53 | Build | House |
| 12:54 | Build | House |
| 12:58 | Research | Loom |
| 13:01 | Research | Castle Age |
| 13:02 | Research | Castle Age |
| 13:32 | Build | Farm |
| 13:36 | Build | Farm |
| 13:41 | Build | Farm |
| 13:48 | Build | Lumber Camp |
| 13:53 | Build | House |
| 13:57 | Build | House |
| 14:19 | Create | Villager (Male) |
| 14:19 | Create | Villager (Male) |
| 15:02 | Build | Town Center |
| 15:31 | Research | Double-Bit Axe |
| 15:32 | Research | Double-Bit Axe |
| 15:32 | Research | Horse Collar |
| 15:33 | Research | Horse Collar |
| 15:41 | Age | Castle Age |
| 15:42 | Build | Farm |
| 15:42 | Build | Farm |
| 15:42 | Build | Farm |
| 15:43 | Build | Farm |
| 15:43 | Build | Farm |
| 16:21 | Build | Farm |
| 16:31 | Research | Loom |
| 16:32 | Research | Loom |
| 16:41 | Build | Farm |
| 16:41 | Build | Farm |
| 16:42 | Build | Farm |
| 16:42 | Build | Farm |
| 16:42 | Build | Farm |
| 16:44 | Create | Villager (Male) |
| 16:48 | Create | Villager (Male) |
| 16:53 | Build | Farm |
| 16:54 | Build | Farm |
| 16:54 | Build | Farm |
| 16:54 | Build | Farm |
| 17:10 | Create | Villager (Male) |
| 17:14 | Build | Farm |
| 17:14 | Build | Farm |
| 17:14 | Build | Farm |
| 17:14 | Build | Farm |
| 17:15 | Build | Farm |
| 17:22 | Create | Villager (Male) |
| 17:22 | Create | Villager (Male) |
| 17:30 | Build | Farm |
| 17:41 | Build | Farm |
| 17:41 | Build | Farm |
| 17:41 | Build | Farm |
| 17:44 | Create | Villager (Male) |
| 17:57 | Build | Farm |
| 18:03 | Build | Farm |
| 18:05 | Create | Villager (Male) |
| 18:08 | Create | Villager (Male) |
| 18:16 | Build | Farm |
| 18:17 | Build | Farm |
| 18:23 | Create | Villager (Male) |
| 18:29 | Create | Villager (Male) |
| 18:41 | Create | Villager (Male) |
| 18:53 | Research | Heavy Plow |
| 18:53 | Research | Heavy Plow |
| 19:00 | Create | Villager (Male) |
| 19:06 | Create | Villager (Male) |
| 19:22 | Create | Villager (Male) |
| 19:22 | Create | Villager (Male) |
| 19:23 | Create | Villager (Male) |
| 19:30 | Create | Villager (Male) |
| 19:32 | Build | Farm |
| 19:32 | Build | Farm |
| 19:32 | Build | Farm |
| 19:41 | Create | Villager (Male) |
| 19:49 | Build | Farm |
| 20:06 | Create | Villager (Male) |
| 20:07 | Create | Villager (Male) |
| 20:07 | Create | Villager (Male) |
| 20:08 | Create | Villager (Male) |
| 20:12 | Research | Wheelbarrow |
| 20:13 | Research | Wheelbarrow |
| 20:34 | Build | Castle |
| 20:45 | Create | Villager (Male) |
| 20:45 | Create | Villager (Male) |
| 20:46 | Create | Villager (Male) |
| 20:55 | Build | Farm |
| 20:55 | Build | Farm |
| 20:55 | Build | Farm |
| 20:56 | Build | Farm |
| 20:59 | Create | Villager (Male) |
| 20:59 | Create | Villager (Male) |
| 21:31 | Create | Villager (Male) |
| 21:32 | Create | Villager (Male) |
| 21:32 | Create | Villager (Male) |
| 21:32 | Create | Villager (Male) |
| 21:33 | Create | Villager (Male) |
| 21:38 | Build | Farm |
| 21:38 | Build | Farm |
| 21:39 | Build | Farm |
| 21:39 | Build | Farm |
| 21:57 | Create | Villager (Male) |
| 22:05 | Build | Mill |
| 22:30 | Build | Siege Workshop |
| 22:33 | Create | Villager (Male) |
| 22:33 | Create | Villager (Male) |
Match timeline
| 0:01 | SKAY · resign |
| 9:03 | CASTILLO88 · age_up feudal |
| 9:35 | tecnihelp · age_up feudal |
| 10:38 | Argote · age_up feudal |
| 10:58 | Twör · age_up feudal |
| 11:16 | SwisherSweet · first_building Barracks |
| 12:20 | SwisherSweet · age_up feudal |
| 12:28 | SwisherSweet · first_building Stable |
| 13:27 | tecnihelp · first_market_buy 100 food |
| 13:55 | Twör · first_building Barracks |
| 15:41 | Argote · age_up castle |
| 15:50 | SwisherSweet · age_up castle |
| 15:58 | tecnihelp · first_building Barracks |
| 16:01 | SwisherSweet · first_building Monastery |
| 16:47 | tecnihelp · first_building Stable |
| 17:29 | Twör · age_up castle |
| 18:45 | tecnihelp · age_up castle |
| 18:50 | tecnihelp · first_building Monastery |
| 19:07 | Twör · first_building Castle |
| 20:34 | Argote · first_building Castle |
| 21:34 | Twör · first_building Monastery |
| 21:41 | Twör · first_building Stable |
| 22:30 | Argote · first_building Siege Workshop |
| 22:37 | CASTILLO88 · first_market_sell 100 food |
| 22:38 | CASTILLO88 · first_market_buy 100 stone |
| 23:45 | CASTILLO88 · age_up castle |
| 23:58 | Argote · first_building Barracks |
| 24:04 | CASTILLO88 · first_building Castle |
| 24:05 | tecnihelp · first_building Siege Workshop |
| 25:03 | Argote · first_market_sell 500 food |
| 26:12 | CASTILLO88 · first_building Barracks |
| 27:25 | CASTILLO88 · first_building Stable |
| 27:31 | tecnihelp · first_building Castle |
| 28:44 | CASTILLO88 · age_up imperial |
| 28:56 | SwisherSweet · first_building Siege Workshop |
| 29:04 | SwisherSweet · age_up imperial |
| 32:15 | SwisherSweet · first_building Archery Range |
| 32:43 | SwisherSweet · first_market_buy 100 wood |
| 33:32 | Argote · first_building Stable |
| 33:42 | Argote · age_up imperial |
[ AI ANALYSIS · 1 CREDIT ]
What really happened in this match?
Wolo.gg analyzes every decision: build order, eco, micro, common mistakes by bracket. Personalized analysis on WhatsApp or Discord in 30 seconds.
Civ guide
Lithuanians
Map guide
Arena
Perfil
Twör